 Dungeon Crawl Stone Soup version 0.24-a0-584-g9d6b971ae4 (webtiles) character file.

Game seed: 17283761348894639047, levelgen mode: deterministic

36857 Htamos the Thaumaturge (level 13, -5/83 HPs)
             Began as a Deep Elf Conjurer on Sept 5, 2019.
             Was a High Priest of Dithmenos.
             Slain by a wraith (8 damage)
             ... led by Josephine
             ... on level 10 of the Dungeon on Sept 6, 2019.
             The game lasted 01:44:13 (25575 turns).

Htamos the Thaumaturge (Deep Elf Conjurer)         Turns: 25575, Time: 01:44:15

Health: -5/83      AC: 11    Str:  5    XL:     13   Next: 55%
Magic:  26/30      EV: 13    Int: 29    God:    Dithmenos [*****.]
Gold:   822        SH:  0    Dex: 15    Spells: 21/35 levels left

rFire    + + .     SeeInvis .   r - +8 mace "Demonbane" {holy, +Fly rF+ Int+3}
rCold    + . .     Gourm    .   (no shield)
rNeg     . . .     Faith    .   R - +4 ring mail {rPois}
rPois    +         Spirit   .   Y - +0 helmet
rElec    .         Reflect  .   T - scarf {rC+ rF+}
rCorr    .         Harm     .   (no gloves)
MR       +....                  U - +0 pair of boots
Stlth    ++........             y - amulet of the acrobat
HPRegen  0.23/turn              (no ring)
MPRegen  0.22/turn              (no ring)

@: lethally poisoned (-5 -> -11), slowed, wreathed by umbra, lightly drained,
very slow
A: no striking features
a: Shadow Step, Shadow Form, Renounce Religion, Evoke Flight


You were on level 10 of the Dungeon.
You worshipped Dithmenos.
Dithmenos was extremely pleased with you.
You were not hungry.

You visited 2 branches of the dungeon, and saw 16 of its levels.

You collected 822 gold pieces.

Inventory:

Hand Weapons
 b - the +8 arc blade {discharge, rElec}
   (You found it on level 4 of the Lair of Beasts)

   It insulates you from electricity.
 r - the +8 mace "Demonbane" (weapon) {holy, +Fly rF+ Int+3}
   (You found it on level 9 of the Dungeon)

   It has been blessed by the Shining One to cause great damage to the undead
   and demons.
   It affects your intelligence (+3).
   It protects you from fire.
   It lets you fly.
 z - the cursed +1 spear "Sanur" {pierce, rPois MR- Dex+4}
   (You found it on level 4 of the Dungeon)

   It inflicts extra damage upon your enemies.
   It affects your dexterity (+4).
   It protects you from poison.
   It affects your resistance to hostile enchantments.
   It has a curse placed upon it.
 C - a +5 flail of draining
 O - a +5 short sword of piercing
Missiles
 s - 2 boomerangs of dispersal
 t - 39 poisoned darts
 E - 3 throwing nets (quivered)
 H - 4 silver javelins
Armour
 a - a +1 robe
 e - a +0 cloak
 l - a +0 helmet
 m - a +0 leather armour
 D - a scarf of resistance
 J - a +1 scale mail of fire resistance
 R - a +4 ring mail of poison resistance (worn)
 T - a scarf of resistance (worn)
 U - a +0 pair of boots (worn)
 Y - a +0 helmet (worn)
Jewellery
 y - an amulet of the acrobat (around neck)
Wands
 k - a wand of scattershot (2)
 N - a wand of flame (36)
 W - a wand of iceblast (6)
Scrolls
 d - 2 scrolls of immolation
 i - a scroll of enchant weapon {unknown}
 n - 6 scrolls of remove curse
 w - 6 scrolls of identify {@rr}
 I - 2 scrolls of magic mapping
 K - 2 scrolls of torment
 Q - a scroll of silence
Potions
 f - a potion of agility
 g - 3 potions of lignification
 h - a potion of haste {unknown}
 o - 4 potions of curing {@qc}
 p - 4 potions of brilliance
 q - a potion of flight {unknown}
 u - a potion of ambrosia {unknown}
 v - a potion of might {unknown}
 A - 5 potions of heal wounds
 B - a potion of cancellation {unknown}
 F - a potion of magic {unknown}
 G - a potion of berserk rage
 S - 2 potions of mutation {unknown}
Miscellaneous
 x - a crystal ball of energy
Comestibles
 c - 34 rations


   Skills:
 * Level 10.3(9.8) Fighting
 + Level 3.2(2.8) Maces & Flails
 + Level 10.7(10.2) Dodging
 - Level 2.6(2.2) Stealth
 + Level 11.6(11.0) Spellcasting
 + Level 10.4(9.9) Conjurations
 + Level 11.1(10.6) Charms
 + Level 9.4(8.9) Necromancy
 * Level 4.6(4.1) Translocations
 + Level 4.7(4.2) Invocations


You had 21 spell levels left.
You knew the following spells:

 Your Spells              Type           Power        Failure   Level  Hunger
a - Magic Dart            Conj           ####         1%          1    None
b - Searing Ray           Conj           ######       1%          2    None
c - Iskenderun's Mystic   Conj           ######..     2%          4    None
d - Force Lance           Conj/Tloc      ######..     9%          4    None
e - Regeneration          Chrm/Necr      ######....   1%          3    None

Your spell library contained the following spells:

 Spells                   Type           Power        Failure   Level  Hunger
 Animate Skeleton         Necr           N/A          1%          1    None
 Pain                     Necr           ####         1%          1    None
 Vampiric Draining        Necr           ######....   1%          3    None
 Flame Tongue             Conj/Fire      #####        2%          1    None
 Throw Flame              Conj/Fire      #####.       3%          2    None
 Animate Dead             Necr           N/A          4%          4    None
 Conjure Flame            Conj/Fire      #####...     6%          3    None
 Dazzling Spray           Conj/Hex       #####.       6%          3    None
 Fulminant Prism          Conj/Hex       #####.....   22%         4    None
 Sticky Flame             Conj/Fire      #####...     22%         4    None
 Inner Flame              Hex/Fire       ###.....     43%         3    None
 Fireball                 Conj/Fire      #####.....   52%         5    ###....


Dungeon Overview and Level Annotations

Branches:
Dungeon (10/15)            Temple (0/1) D:4            Lair (6/6) D:8
  Swamp (0/4) Lair:2        Snake (0/4) Lair:3        Slime (0/5) Lair:6
    Orc: D:9-12

Altars:
Ashenzari
Dithmenos
Elyvilon
Fedhas
Kikubaaqudgha
Makhleb
Okawaru
Trog
Uskayaw
Wu Jian
Jiyva

Annotations:
D:5 exclusion: downstairs
D:6 exclusion: oklob plant
D:7 1 exclusion
D:8 exclusion: downstairs
D:10 Josephine, Sonja
Lair:2 exclusion: downstairs
Lair:5 exclusion: downstairs
Lair:6 3 exclusions


Message History

* * * LOW HITPOINT WARNING * * *
Josephine draws life force from you and is healed!
The wraith barely misses you.
You feel much better.
You feel sick. Sonja hits you but does no damage.
Space warps horribly around you!
* * * LOW HITPOINT WARNING * * *
Sonja barely misses you. Sonja hits you but does no damage.
Space warps horribly around you!
* * * LOW HITPOINT WARNING * * *
The wraith barely misses you.
The death knight invokes the aid of Yredelemnul against you.
Your body is wracked with pain!
* * * LOW HITPOINT WARNING * * *
Sonja mumbles some strange words.
Sonja blinks!
The wraith hits you!
* * * LOW HITPOINT WARNING * * *
The wraith drains your vigour!
You feel as though you will be slow longer.
Josephine misses you. The wraith hits you!
You die...

..#...............
###....................
#....................
###.................
#.#..............#
##..............(# .
##.......K......###..
##..........§.......
##....(...@pW......
##.##..§W@W.......
##.....§)........
##...#§(........
####§#§§§......
#.#.@(.......
##........./[
##..........
##.........


You could see a death knight, Josephine, 3 wraiths and Sonja.

Vanquished Creatures
  7 hydras
  Harold (D:9)
  2 two-headed ogres
  Nergalle (Lair:3)
  A lindwurm (Lair:6)
  Psyche (D:9)
  6 black mambas
  16 elephants
  15 spiny frogs
  4 rime drakes
  6 komodo dragons
  A troll (D:9)
  8 hippogriffs
  A dream sheep (Lair:6)
  5 blink frogs
  23 yaks
  4 wyverns
  4 basilisks
  A hungry ghost (D:9)
  A swamp worm (Lair:2)
  20 water moccasins
  6 porcupines
  An orc warrior (D:9)
  A sky beast (D:7)
  4 black bears
  6 ice beasts
  A necrophage (D:8)
  2 ogres
  13 wolves
  4 centaurs
  16 crocodiles
  11 bullfrogs
  A wyvern skeleton (D:6)
  2 scorpions
  6 wights
  3 howler monkeys
  3 crimson imps
  10 jellies
  A quasit (D:7)
  A gnoll shaman (D:5)
  7 orc priests
  8 hounds
  A centaur skeleton (D:7)
  6 orc wizards
  Ijyb (D:3)
  3 iguanas
  7 hell rats
  7 worker ants
  A killer bee zombie (D:7)
  A hound zombie (D:8)
  3 hound skeletons
  3 gnolls (D:5)
  A howler monkey skeleton (D:7)
  A river rat (D:5)
  14 adders
  A shadow imp (D:6)
  12 white imps
  14 oozes
  2 worms
  2 dart slugs (D:2)
  5 leopard geckos
  28 orcs
  2 ball pythons
  9 bats
  4 giant cockroaches
  8 hobgoblins
  14 jackals
  4 kobolds
  3 quokkas
  A ball python skeleton (D:5)
  6 frilled lizards
  9 goblins
  A leopard gecko skeleton (D:7)
  A quokka skeleton (D:4)
  2 quokka zombies
  7 rats
419 creatures vanquished.

Vanquished Creatures (others)
  4 blink frogs (Lair:6)
  24 fungi
  4 plants
32 creatures vanquished.

Grand Total: 451 creatures vanquished

Notes
Turn   | Place    | Note
-------+----------+-------------------------------------------
     0 | D:1      | Htamos the Deep Elf Conjurer began the quest for the Orb.
     0 | D:1      | Reached XP level 1. HP: 10/10 MP: 6/6
   356 | D:1      | Reached XP level 2. HP: 7/16 MP: 1/8
   654 | D:1      | Learned a level 2 spell: Searing Ray
  1142 | D:2      | Found an ornate altar of the Wu Jian Council.
  1186 | D:2      | Found a blossoming altar of Fedhas.
  1343 | D:2      | Reached skill level 1 in Fighting
  1343 | D:2      | Reached XP level 3. HP: 20/20 MP: 6/9
  1661 | D:2      | Reached XP level 4. HP: 25/25 MP: 5/11
  2136 | D:3      | Noticed Ijyb
  2265 | D:3      | Found a burning altar of Makhleb.
  2443 | D:3      | Reached skill level 5 in Conjurations
  2739 | D:3      | Reached XP level 5. HP: 30/30 MP: 5/13
  2918 | D:3      | Found a shadowy altar of Dithmenos.
  2970 | D:3      | Became a worshipper of Dithmenos the Shadowed
  3104 | D:3      | Noticed a blizzard demon
  3107 | D:3      | Noticed a hellwing
  3107 | D:3      | Noticed a smoke demon
  3225 | D:3      | Killed Ijyb
  3516 | D:3      | Found a hide-covered altar of Uskayaw.
  3539 | D:4      | Got a polished spear
  3540 | D:4      | Identified the cursed +1 spear "Sanur" {pierce, rPois MR-
                  | Dex+4} (You found it on level 4 of the Dungeon)
  3574 | D:3      | Learned a level 4 spell: Iskenderun's Mystic Blast
  3579 | D:3      | Learned a level 4 spell: Force Lance
  3691 | D:4      | Reached XP level 6. HP: 30/36 MP: 8/14
  3804 | D:4      | Learned a level 3 spell: Regeneration
  3927 | D:4      | Found a staircase to the Ecumenical Temple.
  4073 | D:4      | Found an iron altar of Okawaru.
  4152 | D:4      | Reached skill level 5 in Spellcasting
  4156 | D:4      | Reached * piety under Dithmenos
  4471 | D:5      | Entered Level 5 of the Dungeon
  4531 | D:5      | Noticed an ice beast
  4535 | D:5      | Killed an ice beast
  4535 | D:5      | Reached XP level 7. HP: 41/41 MP: 13/16
  5211 | D:5      | Reached skill level 5 in Dodging
  5259 | D:5      | Found a white marble altar of Elyvilon.
  5653 | D:6      | Reached skill level 1 in Charms
  5653 | D:6      | Reached skill level 1 in Necromancy
  5877 | D:6      | Reached XP level 8. HP: 34/48 MP: 2/19
  6377 | D:6      | Found an ancient bone altar of Kikubaaqudgha.
  6468 | D:6      | Reached ** piety under Dithmenos
  6639 | D:6      | Reached skill level 5 in Fighting
  6916 | D:6      | Noticed an oklob plant
  7432 | D:7      | Found a shattered altar of Ashenzari.
  7438 | D:7      | Reached XP level 9. HP: 54/54 MP: 18/21
  7698 | D:7      | Found a bloodstained altar of Trog.
  7726 | D:7      | Found a blossoming altar of Fedhas.
  7804 | D:7      | Reached *** piety under Dithmenos
  8150 | D:7      | You fall into a shaft and drop 2 floors!
  8153 | D:9      | Noticed Psyche
  8186 | D:9      | Noticed Harold
  8341 | D:8      | Reached skill level 5 in Charms
  8497 | D:8      | Found a staircase to the Lair.
  8500 | D:8      | Noticed a two-headed ogre
  9578 | D:8      | Killed a two-headed ogre
  9578 | D:8      | Reached skill level 5 in Necromancy
  9950 | D:8      | Reached XP level 10. HP: 59/61 MP: 17/24
 10935 | D:9      | Noticed a two-headed ogre
 10944 | D:9      | Killed a two-headed ogre
 11422 | D:9      | Killed Harold
 11598 | D:9      | Got a pitted mace
 11849 | D:9      | Killed Psyche
 11861 | D:9      | Reached **** piety under Dithmenos
 12141 | D:10     | Entered Level 10 of the Dungeon
 12207 | Lair:1   | Entered Level 1 of the Lair of Beasts
 12207 | Lair:1   | Noticed a spiny frog
 12459 | Lair:1   | Killed a spiny frog
 12642 | Lair:1   | Reached XP level 11. HP: 64/68 MP: 17/26
 12660 | Lair:1   | Found a frozen archway.
 12691 | D:8      | Identified the +8 mace "Demonbane" {holy, +Fly rF+ Int+3}
                  | (You found it on level 9 of the Dungeon)
 13140 | Lair:1   | Noticed a four-headed hydra
 13233 | Lair:1   | Killed a four-headed hydra
 14659 | Lair:2   | Reached skill level 10 in Spellcasting
 15900 | Lair:2   | Reached skill level 1 in Invocations
 15901 | Lair:2   | Noticed a six-headed hydra
 15957 | Lair:2   | Killed a six-headed hydra
 16104 | Lair:2   | Reached XP level 12. HP: 76/76 MP: 24/28
 16160 | Lair:2   | Reached skill level 1 in Maces & Flails
 16587 | Lair:2   | Noticed a four-headed hydra
 16590 | Lair:2   | Killed a four-headed hydra
 16731 | Lair:2   | Found a staircase to the Swamp.
 16976 | Lair:3   | Reached ***** piety under Dithmenos
 17138 | Lair:3   | Noticed Nergalle
 17233 | Lair:3   | Killed Nergalle
 17784 | Lair:3   | Reached skill level 10 in Charms
 18114 | Lair:3   | Reached skill level 10 in Dodging
 18318 | Lair:3   | Found a staircase to the Snake Pit.
 19360 | Lair:4   | Found the +8 arc blade {discharge, rElec}
 19386 | Lair:4   | Reached skill level 10 in Conjurations
 19498 | Lair:4   | Noticed a six-headed hydra
 19503 | Lair:4   | Killed a six-headed hydra
 19503 | Lair:4   | Reached skill level 1 in Translocations
 21017 | Lair:5   | Noticed a seven-headed hydra
 21026 | Lair:5   | Killed a seven-headed hydra
 21177 | Lair:5   | Reached XP level 13. HP: 66/82 MP: 9/30
 21177 | Lair:5   | Reached skill level 10 in Fighting
 22950 | Lair:6   | Entered Level 6 of the Lair of Beasts
 24093 | Lair:6   | Found a viscous altar of Jiyva.
 24157 | Lair:6   | Found a staircase to the Slime Pits.
 24586 | Lair:6   | Noticed a dire elephant
 25561 | D:10     | Noticed Josephine
 25563 | D:10     | Noticed Sonja
 25575 | D:10     | HP: 3/83 [wraith[Josephine] (10)]
 25575 | D:10     | Slain by a wraith

Levels and vault maps discovered:
D:1:      nicolae_arrival_somewhat_less_tricky_arrival, layout_rooms,
          due_unseen_surprise
D:2:      minmay_skewed_foursquare, layout_loops_cross,
          nicolae_overflow_crystal_walls, overflow_temple_1_default,
          minmay_tetromino_t2
D:3:      layout_basic, overflow_temple_1_default, makhleb_altar_promises_db,
          marbit_many_paths, first_ration, serial_park_tiny_1, hex_large,
          uniq_ijyb
D:4:      layout_rooms, kennysheep_okawaru_gauntlet,
          minmay_temple_entry_stoned_glass, lightli_corner_chamber
D:5:      layout_loops_ring, elyvilon_altar_1
D:6:      lemuel_slime, layout_rooms, kennysheep_mini
D:7:      layout_basic, bloody_trog, ashenzari_altar_1, basic_altar,
          grunt_ogre_cave
D:8:      layout_basic, lair_entry_dummy
D:9:      layout_cave_pools, uniq_psyche, uniq_harold
D:10:     layout_big_octagon, uniq_sonja, uniq_erolcha, uniq_josephine
Lair:1:   layout_regular_city, portal_ice_cave_entry_imps, st_stairs_7,
          serial_bayou_shore_b, serial_bayou_shore_b
Lair:2:   layout_chaotic_city, palyth_hydra_swamp_entry, grunt_megastairs_2,
          lemuel_fruit_fields
Lair:3:   layout_regular_city, minmay_snake_entry_six_corridors,
          grunt_megastairs_5, uniq_nergalle
Lair:4:   layout_layer_cave
Lair:5:   layout_concentric_octagons, serial_bayou_shore_b
Lair:6:   hangedman_lair_in_review, layout_loops_ring,
          dpeg_slime_entry_enclosed_altar, serial_bayou_shore_a

Skill      XL: |  1  2  3  4  5  6  7  8  9 10 11 12 13 |
---------------+----------------------------------------+-----
Fighting       | 1 2 3 4 5 6 7 9 10 | 10.3
Dodging        | 3 4 5 6 7 8 9 10 | 10.7
Spellcasting   | 4 5 6 8 9 10 11 | 11.6
Conjurations   | 5 6 7 8 9 10 | 10.4
Charms         | 2 4 6 8 9 10 11 | 11.1
Necromancy     | 1 3 5 6 7 8 9 |  9.4
Invocations    | 1 3 4 |  4.7
Maces & Flails | 2 3 |  3.2
Translocations | 2 4 |  4.6
Stealth        | |  2.6

Action                   |  1- 3 |  4- 6 |  7- 9 | 10-12 | 13-15 || total
-------------------------+-------+-------+-------+-------+-------++-------
Melee: Dagger            |       |       |    55 |     3 |       ||    58
       Short sword       |       |       |       |    15 |       ||    15
       Flail             |       |       |       |     5 |       ||     5
       Mace              |       |       |       |    36 |     5 ||    41
 Cast: Magic Dart        |    60 |   106 |   234 |   321 |    29 ||   750
       Searing Ray       |       |     9 |    34 |    68 |     7 ||   118
       Regeneration      |       |     1 |     3 |     3 |       ||     7
       Iskenderun's Myst |       |       |    11 |   155 |   133 ||   299
Evoke: Wand              |       |     6 |    28 |    19 |     7 ||    60
  Use: Scroll            |       |     1 |    16 |    13 |     5 ||    35
       Potion            |       |       |       |     1 |     6 ||     7
 Stab: Distracted        |       |       |     1 |       |       ||     1
       Sleeping          |       |       |     1 |       |       ||     1
  Eat: Chunk             |     2 |     8 |     6 |    20 |    13 ||    49
       Ration            |       |       |     4 |     4 |     1 ||     9
Armor: Robe              |     1 |       |    13 |    12 |       ||    26
       Ring mail         |       |       |       |    31 |    24 ||    55
Dodge: Dodged            |     5 |    12 |   161 |   291 |    75 ||   544

Table legend:
 A = Non-vault XP
 B = Vault XP
 C = Vault XP percentage of total XP
 D = Non-vault monster count
 E = Vault monster count
 F = Vault count percentage of total count
                 A         B        C        D         E       F
            +---------+---------+-------+---------+---------+-------
      Total |   43204 |    9449 |  17.9 |     340 |      79 |  18.9
            +---------+---------+-------+---------+---------+-------
        D:1 |      28 |       0 |   0.0 |      15 |       0 |   0.0
        D:2 |      29 |      60 |  67.4 |      14 |       8 |  36.4
        D:3 |     106 |      37 |  25.9 |      26 |       2 |   7.1
        D:4 |     369 |       3 |   0.8 |      17 |       2 |  10.5
        D:5 |     440 |       0 |   0.0 |      14 |       0 |   0.0
        D:6 |    1289 |     344 |  21.1 |      24 |      19 |  44.2
        D:7 |     706 |     121 |  14.6 |      22 |       1 |   4.3
        D:8 |    2669 |     106 |   3.8 |      30 |       4 |  11.8
        D:9 |    3028 |    1452 |  32.4 |      37 |       2 |   5.1
       D:10 |     860 |       0 |   0.0 |       7 |       0 |   0.0
     Lair:1 |    5695 |      85 |   1.5 |      23 |       9 |  28.1
     Lair:2 |    4636 |    3416 |  42.4 |      21 |      10 |  32.3
     Lair:3 |    4652 |    2342 |  33.5 |      18 |      15 |  45.5
     Lair:4 |    4106 |       0 |   0.0 |      17 |       0 |   0.0
     Lair:5 |    9606 |       0 |   0.0 |      40 |       0 |   0.0
     Lair:6 |    4985 |    1483 |  22.9 |      15 |       7 |  31.8
            +---------+---------+-------+---------+---------+-------
